AoeStats
← El Fantasma de Pancho Villa

Arena

507589874Analyzed
4v4 RM · 14d ago on Sep 18, 2026· 47m 7s· 8 players
Game mode
Random Map
Map size
Large (8 player)
Population
200
Speed
Normal
Resources
Standard
Victory
Conquest
Starting age
Dark Age
Ending age
Imperial Age
RankedLock teamsTeams togetherTeam positionsShared explorationLock speedFull tech treeHidden civsTurbo modeCheats
Victory
Defeat
🇨🇱 Sicilians · Chile
1256
+10
🇺🇸 Cumans · United States
1101
+16
🇲🇽 Persians · Mexico
1085
+16
🇺🇸 Celts · United States
1082
+16
🇵🇰 Mongols · Pakistan
1133
-16
🇨🇦 Slavs · Canada
1112
-15
🇩🇪 Portuguese · Germany
1099
-15
🇨🇴 Byzantines · Colombia
1042
-12
NY-judyelpesao
0:28 Loom
12:52 Feudal Age
17:44 Castle Age
15:46 Double-Bit Axe
16:07 Horse Collar
19:46 Heavy Plow
31:55 Imperial Age
32:25 Wheelbarrow
33:09 Fletching
33:42 Bow Saw
37:11 Heavy Scorpion
40:35 Pikeman
42:44 Chemistry
41:50 Siege Engineers
44:35 Elite Skirmisher
44:39 Capped Ram
46:08 Scale Mail Armor
45:47 Halberdier
El Fantasma de Pancho Villa
14:19 Feudal Age
15:32 Man-at-Arms
18:56 Double-Bit Axe
20:54 Wheelbarrow
20:26 Scale Mail Armor
20:37 Forging
25:24 Padded Archer Armor
25:59 Fletching
28:48 Wheelbarrow
30:56 Castle Age
28:54 Horse Collar
31:33 Elite Skirmisher
32:31 Leather Archer Armor
32:23 Bodkin Arrow
32:21 Stone Mining
32:21 Gold Mining
32:53 Pikeman
37:25 Imperial Age
35:13 Hand Cart
36:02 Heavy Plow
36:20 Chain Mail Armor
36:41 Iron Casting
36:54 Bow Saw
37:47 Thumb Ring
37:03 Crossbowman
39:10 Chemistry
38:31 Ballistics
38:44 Ring Archer Armor
40:04 Plate Mail Armor
40:34 Blast Furnace
41:14 Two-Man Saw
41:48 Crop Rotation
41:36 Halberdier
42:17 Squires
42:02 Arson
Boywars
10:38 Feudal Age
12:33 Loom
15:12 Castle Age
13:47 Horse Collar
13:58 Double-Bit Axe
16:22 Bow Saw
24:12 Stone Mining
26:44 Wheelbarrow
29:07 Forging
29:00 Husbandry
29:11 Bloodlines
32:35 Imperial Age
31:26 Heavy Plow
32:36 Cavalier
33:19 Gold Mining
34:25 Scale Barding Armor
34:56 Iron Casting
35:37 Chain Barding Armor
36:25 Conscription
35:45 Savar
35:45 Light Cavalry
38:34 Kamandaran
39:09 Crossbowman
39:55 Thumb Ring
44:09 Fletching
45:20 Blast Furnace
44:56 Plate Barding Armor
47:12 Chemistry
46:10 Bodkin Arrow
46:18 Bodkin Arrow
46:24 Padded Archer Armor
46:36 Hussar
Cuervo.AOE
10:39 Feudal Age
14:20 Castle Age
13:06 Double-Bit Axe
13:35 Horse Collar
20:07 Bow Saw
20:19 Loom
20:47 Heavy Plow
21:41 Wheelbarrow
26:12 Gold Mining
28:35 Hand Cart
31:10 Imperial Age
29:38 Bloodlines
29:29 Husbandry
30:12 Scale Barding Armor
30:38 First Crusade
31:13 Chain Barding Armor
30:17 Light Cavalry
31:17 Cavalier
33:33 Crop Rotation
34:14 Plate Barding Armor
33:50 Forging
34:41 Conscription
35:00 Hauberk
35:12 Scale Mail Armor
37:06 Iron Casting
41:16 Blast Furnace
41:50 Ballistics
42:31 Chemistry
41:42 Masonry
41:38 Siege Engineers
42:27 Gold Shaft Mining
41:42 Stone Mining
44:00 Chain Mail Armor
43:36 Fletching
45:21 Bodkin Arrow
46:11 Bracer
SchlosserJoe
10:17 Feudal Age
11:15 Loom
14:55 Castle Age
13:36 Horse Collar
13:41 Double-Bit Axe
20:32 Bow Saw
29:56 Wheelbarrow
34:43 Imperial Age
33:03 Padded Archer Armor
36:11 Conscription
37:19 Chemistry
38:35 Ballistics
39:24 Conscription
Lumi.S
10:55 Feudal Age
15:35 Castle Age
14:02 Double-Bit Axe
14:25 Horse Collar
16:42 Bow Saw
24:08 Wheelbarrow
24:05 Bloodlines
25:04 Gold Mining
30:08 Imperial Age
28:02 Loom
29:11 Heavy Plow
29:21 Pikeman
30:30 Ballistics
30:45 Forging
30:35 Scale Mail Armor
30:15 Capped Ram
30:23 Halberdier
31:35 Hand Cart
32:01 Gold Shaft Mining
32:59 Crop Rotation
33:40 Two-Man Saw
33:18 Iron Casting
34:48 Conscription
34:35 Squires
35:36 Blast Furnace
34:51 Chain Mail Armor
34:54 Stone Mining
36:01 Detinets
35:41 Onager
37:30 Chemistry
36:40 Siege Engineers
43:39 Siege Onager
46:43 Chemistry
46:19 Plate Mail Armor
45:40 Fletching
45:50 Padded Archer Armor
45:56 Druzhina
46:22 Elite Boyar
sehal
10:25 Feudal Age
15:40 Castle Age
14:08 Double-Bit Axe
14:05 Horse Collar
15:03 Loom
15:26 Stone Mining
22:18 Gold Mining
22:45 Fletching
23:25 Padded Archer Armor
24:53 Bodkin Arrow
26:36 Leather Archer Armor
28:40 Wheelbarrow
30:01 Gold Shaft Mining
30:42 Forging
30:38 Scale Barding Armor
31:42 Bloodlines
31:33 Husbandry
35:07 Imperial Age
34:50 Ballistics
34:42 Thumb Ring
35:49 Elite Mangudai
36:50 Conscription
36:10 Light Cavalry
36:54 Hussar
38:13 Iron Casting
37:38 Bracer
38:01 Chain Barding Armor
38:16 Iron Casting
38:55 Parthian Tactics
39:33 Chemistry
42:11 Blast Furnace
ConejoMalo
10:55 Feudal Age
12:17 Double-Bit Axe
16:06 Fletching
16:28 Loom
21:02 Castle Age
19:27 Gold Mining
21:08 Crossbowman
22:19 Bodkin Arrow
24:05 Bow Saw
24:44 Padded Archer Armor
29:29 Wheelbarrow
29:32 Gold Shaft Mining
29:42 Leather Archer Armor
32:53 Ballistics
36:31 Imperial Age
34:31 Thumb Ring
35:12 Scale Mail Armor
36:46 Arbalester
38:57 Pikeman
Connection lost

Rejoining the realm…

Still unreachable

The connection could not be restored.

Session expired

The server has moved on; the page needs a fresh start.